 Dungeon Crawl Stone Soup version 0.16.1-51-g6203257 (webtiles) character file.

5781 hannobal the Frost Mage (level 11, 0/70 HPs)
             Began as a Human Wanderer on July 2, 2015.
             Was a High Priest of Ru.
             Slain by a scorpion (5 damage)
             ... on level 10 of the Dungeon on July 3, 2015.
             The game lasted 01:07:24 (16282 turns).

hannobal the Frost Mage (Human Wanderer)           Turns: 16282, Time: 01:07:24

Health: 0/70       AC:  5    Str: 14    XL:     11   Next: 6%
Magic:  16/24      EV:  9    Int: 13    God:    Ru [*****.]
Gold:   225        SH:  0    Dex: 14    Spells: 8 memorised, 2 levels left

rFire  . . .     SeeInvis .     b - +0 hunting sling (curse)
rCold  . . .     Clarity  .     F - +0 leather armour (curse)
rNeg   . . .     SustAb   .     (shield unavailable)
rPois  .         Gourm    .     m - +0 helmet (curse)
rElec  .         Spirit   .     u - +0 cloak {MR+}
rCorr  .         Warding  .     (no gloves)
rMut   .         Stasis   .     (no boots)
MR     +....                    t - amulet of rage
Stlth  +.........               v - -2 ring of evasion (curse)
                                (ring unavailable)

@: lethally poisoned (0 -> -10), exhausted, no potions, repel missiles, drained,
somewhat resistant to hostile enchantments, very unstealthy
A: screaming 1, inability to drink while threatened, missing a hand, unskilled 1
a: Draw Out Power, Power Leap, Apocalypse, Renounce Religion, Evoke Berserk Rage


You were on level 10 of the Dungeon.
You worshipped Ru.
Ru was extremely pleased with you.
You were full.

You visited 2 branches of the dungeon, and saw 11 of its levels.

You collected 356 gold pieces.
You spent 131 gold pieces at shops.

Inventory:

Hand weapons
 b - a cursed +0 hunting sling (weapon)
 d - a +1 blowgun
 C - a cursed -1 blowgun
 M - a +2 hand axe of flaming
 O - a +0 trident
 Q - a +0 morningstar
 Y - the +4 Vampire's Tooth {vamp}
   (You found it on level 9 of the Dungeon)

   It inflicts no extra harm, but heals its wielder somewhat when it strikes a
   living foe.
Missiles
 c - 39 poisoned needles
 h - 230 stones
 k - 34 sling bullets
 s - 172 arrows
 y - 7 tomahawks (quivered)
 N - 14 arrows of dispersal
 T - 9 steel sling bullets
Armour
 m - a cursed +0 helmet (worn)
 u - a +0 cloak of magic resistance (worn)
 w - a +2 hat
 F - a cursed +0 leather armour (worn)
 P - a +1 leather armour of fire resistance
 X - a +0 troll leather armour
Magical staves
 B - an uncursed staff of energy
Jewellery
 n - an uncursed ring of ice
 t - an amulet of rage (around neck)
 v - a cursed -2 ring of evasion (right hand)
 J - an uncursed ring of poison resistance
Magical devices
 a - a wand of digging (10)
Scrolls
 i - 5 scrolls of identify
 p - 2 scrolls of amnesia
 A - a scroll of recharging
 G - 3 scrolls of noise
 K - a scroll of fog
Potions
 e - 2 potions of invisibility
 o - a potion of might
 r - a potion of heal wounds
 z - 2 potions of brilliance
 D - a potion of curing
 E - a potion of cure mutation {!q}
 I - 2 potions of resistance
 L - a potion of magic
 S - a potion of cancellation
Books
 g - a book of Frost

   Spells                             Type                      Level
   a - Freeze                         Ice                          1
   b - Throw Frost                    Conjuration/Ice              2
   c - Ozocubu's Armour               Charms/Ice                   3
   d - Throw Icicle                   Conjuration/Ice              4
   e - Summon Ice Beast               Ice/Summoning                4
   f - Condensation Shield            Ice                          4
 l - Sif Muna's Collected Works on Orientation

   Spells                             Type                      Level
   a - Apportation                    Translocation                1
   b - Blink                          Translocation                2
 q - a book of Air

   Spells                             Type                      Level
   a - Shock                          Conjuration/Air              1
   b - Swiftness                      Charms/Air                   2
   c - Repel Missiles                 Charms/Air                   2
   d - Flight                         Charms/Air                   3
   e - Static Discharge               Conjuration/Air              3
   f - Lightning Bolt                 Conjuration/Air              5
 H - a book of the Tempests

   Spells                             Type                      Level
   a - Static Discharge               Conjuration/Air              3
   b - Lightning Bolt                 Conjuration/Air              5
   c - Fireball                       Conjuration/Fire             5
   d - Tornado                        Air                          9
   e - Shatter                        Earth                        9
 U - a book of Hinderance

   Spells                             Type                      Level
   a - Confusing Touch                Hexes                        2
   b - Confuse                        Hexes                        3
   c - Petrify                        Transmutation/Earth          4
   d - Metabolic Englaciation         Hexes/Ice                    5
   e - Gell's Gravitas                Hexes/Translocation          5
   f - Summon Mana Viper              Hexes/Summoning              5
Comestibles
 f - 6 bread rations
 j - 6 meat rations
 x - 4 chunks of flesh
 V - 15 fruits


   Skills:
 - Level 1.1(0.1) Fighting
 - Level 1.5(0.9) Slings
 - Level 1.7(1.0) Throwing
 - Level 1.4(0.3) Dodging
 - Level 5.6(4.4) Spellcasting
 - Level 6.1(4.9) Conjurations
 - Level 4.6(3.4) Charms
 + Level 2.8(1.7) Summonings
 - Level 2.0(0.9) Translocations
   Level 0.8(0.0) Fire Magic
 - Level 10.0(8.7) Ice Magic
 - Level 1.1(0.1) Air Magic
   Level 0.8(0.0) Poison Magic


You had 2 spell levels left.
You knew the following spells:

 Your Spells              Type           Power        Failure   Level  Hunger
a - Freeze                Ice            ####         1%          1    None
b - Blink                 Tloc           N/A          28%         2    ##.....
c - Apportation           Tloc           #.........   17%         1    None
d - Summon Ice Beast      Ice/Summ       ###.....     34%         4    ####...
i - Throw Icicle          Conj/Ice       ###.....     17%         4    ####...
o - Ozocubu's Armour      Chrm/Ice       ###.....     8%          3    ###....
r - Repel Missiles        Chrm/Air       #.....       21%         2    ##.....
t - Throw Frost           Conj/Ice       ###...       2%          2    ##.....


Dungeon Overview and Level Annotations

Branches:
Dungeon (10/15)            Temple (1/1) D:4
   Lair: D:8-11         Orc: D:9-12

Altars:
Ashenzari
Cheibriados
Dithmenos
Elyvilon
Fedhas
Gozag
Kikubaaqudgha
Makhleb
Nemelex Xobeh
Okawaru
Qazlal
Ru
Sif Muna
Trog
Vehumet
Xom
Yredelemnul
Zin
The Shining One

Shops:
D:5 [   D:8 !

Annotations:
D:5 exclusion: upstairs
D:7 book, need flight
D:8 Pikel
D:9 Erolcha!, Erolcha


Innate Abilities, Weirdness & Mutations

You occasionally shout uncontrollably at your foes.
You cannot drink potions while threatened.
You are missing a hand.
You are somewhat unskilled (-1 Apt).


Message History

The adder seems to regain its courage.
The scorpion seems to regain its courage.
The worker ant closely misses you. The soldier ant stings you.
* * * LOW HITPOINT WARNING * * *
You are poisoned.
The soldier ant poisons you!
A soldier ant comes into view.
You can drink potions again.
You feel sick. The worker ant bites you.
* * * LOW HITPOINT WARNING * * *
You are lethally poisoned!
The worker ant poisons you!
The scorpion is stunned by your will and fails to attack.
The soldier ant is stunned by your will and fails to attack.
The adder is stunned by your will and fails to attack.
You see here a scroll of fog.
* * * LOW HITPOINT WARNING * * *
You feel sick. The scorpion stings you.
You feel threatened and lose the ability to drink potions!
You die...

#.### .# #<..# ###.
#########+### #..
....(.......# #.#
............######.###########
.........<>.+.#.^............#
............#................#
............###..a...........#
............# #.@s...........#
........./..# #..S.r.........#
............# #...a..........#
............# #$.[.a†........#
#####....### ######....######
...#### .........# .....
####a.†.# ### ##...# .#..#


You could see 2 soldier ants, a scorpion, a worker ant, an adder and a rat.

Vanquished Creatures
  2 trolls
  8 yaks
  Eustachio (D:4)
  A hippogriff (D:9)
  4 slaves
  2 black bears
  An ice beast (D:5)
  2 ogres
  A phantom (D:7)
  2 sky beasts
  A necrophage (D:10)
  4 centaurs
  3 big kobolds (D:8)
  Duvessa (D:4)
  A crocodile (D:9)
  5 giant frogs
  4 scorpions
  6 killer bees (D:10)
  A giant frog zombie (D:5)
  Dowan (D:4)
  7 crimson imps
  A centaur skeleton (D:5)
  Crazy Yiuf (D:4)
  3 giant frog skeletons (D:9)
  3 orc priests
  3 hounds
  A jelly (D:7)
  4 iguanas
  14 worker ants
  5 orc wizards
  2 sheep (D:8)
  Ijyb (D:4)
  2 hound skeletons
  2 worker ant zombies
  13 gnolls
  A giant mite (D:5)
  3 shadow imps
  13 adders
  3 worms
  An ufetubus (D:4)
  2 adder skeletons (D:5)
  3 adder zombies
  2 oozes (D:1)
  30 orcs
  A bat skeleton (D:6)
  6 giant cockroaches
  20 goblins
  17 hobgoblins
  14 jackals
  4 quokkas
  3 ball pythons
  7 bats
  6 giant geckos
  A giant gecko skeleton (D:6)
  A giant gecko zombie (D:6)
  3 giant newts
  A jackal zombie (D:7)
  17 kobolds
  13 rats
  7 ballistomycetes (D:8)
  A fungus (D:4)
293 creatures vanquished.

Vanquished Creatures (collateral kills)
  A hydra (D:8)
  2 orc wizards (D:7)
3 creatures vanquished.

Vanquished Creatures (others)
  An orc priest (D:7)
  A bat (D:9)
  4 giant spores
  A ballistomycete (D:10)
  3 fungi (D:10)
10 creatures vanquished.

Grand Total: 306 creatures vanquished

Notes
Turn   | Place    | Note
--------------------------------------------------------------
     0 | D:1      | hannobal, the Human Wanderer, began the quest for the Orb.
     0 | D:1      | hannobal set off with: a book of Frost, Sif Muna's Collected Works on Orientation, 11 poisoned needles, a +0 blowgun, a +0 robe, a bread ration
     0 | D:1      | Reached XP level 1. HP: 13/13 MP: 3/3
     1 | D:1      | Identified Sif Muna's Collected Works on Orientation
   112 | D:1      | Reached skill level 1 in Fighting
   168 | D:1      | Reached XP level 2. HP: 21/21 MP: 4/4
   338 | D:1      | Reached skill level 1 in Slings
   711 | D:1      | Reached XP level 3. HP: 26/26 MP: 6/6
   714 | D:1      | Learned a level 1 spell: Freeze
  1170 | D:2      | Found a sacrificial altar of Ru.
  1179 | D:2      | Became a worshipper of Ru the Awakened
  1327 | D:2      | Reached XP level 4. HP: 32/32 MP: 7/7
  1331 | D:2      | Learned a level 2 spell: Throw Frost
  1449 | D:2      | Reached skill level 5 in Ice Magic
  1869 | D:2      | Reached skill level 1 in Conjurations
  1895 | D:1      | Reached XP level 5. HP: 27/37 MP: 5/9
  1977 | D:1      | Learned a level 3 spell: Ozocubu's Armour
  2031 | D:1      | Reached skill level 1 in Charms
  2646 | D:3      | Reached XP level 6. HP: 43/43 MP: 4/10
  2946 | D:3      | Found a basalt altar of Yredelemnul.
  3184 | D:3      | Gained mutation: You occasionally shout uncontrollably at your foes. [Ru sacrifice]
  3485 | D:4      | Found a staircase to the Ecumenical Temple.
  3500 | Temple   | Entered the Ecumenical Temple
  3687 | D:4      | Found a stormy altar of Qazlal.
  3846 | D:4      | Noticed Ijyb
  3857 | D:4      | Killed Ijyb
  4055 | D:4      | Noticed Duvessa
  4057 | D:4      | Noticed Dowan
  4080 | D:4      | Killed Duvessa
  4080 | D:4      | Reached XP level 7. HP: 48/48 MP: 7/12
  4086 | D:4      | Killed Dowan
  4086 | D:4      | Reached skill level 5 in Charms
  4092 | D:4      | Learned a level 4 spell: Throw Icicle
  5101 | D:4      | Noticed Eustachio
  5168 | D:4      | Killed Eustachio
  5168 | D:4      | Reached skill level 6 in Ice Magic
  5168 | D:4      | Reached XP level 8. HP: 16/54 MP: 0/13
  5447 | D:4      | Found a glowing golden altar of the Shining One.
  5590 | D:4      | Noticed Crazy Yiuf
  5757 | D:4      | Killed Crazy Yiuf
  5993 | D:5      | Entered Level 5 of the Dungeon
  6036 | D:5      | Found Xiej's Antique Armour Shop.
  6064 | D:5      | Bought an embroidered cloak for 99 gold pieces
  6195 | D:5      | Found a shadowy altar of Dithmenos.
  6559 | D:5      | Gained mutation: You are somewhat unskilled (-1 Apt). [Ru sacrifice]
  6559 | D:5      | Reduced skill Throwing to level 1
  6559 | D:5      | Reduced skill Ice Magic to level 5
  6559 | D:5      | Acquired Ru's first power
  6559 | D:5      | Acquired Ru's second power
  7092 | D:4      | Found a shattered altar of Ashenzari.
  7092 | D:4      | Found a white marble altar of Elyvilon.
  7430 | D:5      | Identified a scroll of acquirement
  8379 | D:6      | Reached XP level 9. HP: 27/59 MP: 20/20
  8757 | D:6      | Learned a level 2 spell: Blink
  8759 | D:6      | Learned a level 1 spell: Apportation
  9116 | D:7      | Reached skill level 5 in Conjurations
  9526 | D:7      | Reached skill level 6 in Ice Magic
  9801 | D:7      | Found a deep blue altar of Sif Muna.
  9905 | D:7      | Reached skill level 5 in Spellcasting
 10212 | D:7      | Found a sparkling altar of Nemelex Xobeh.
 10270 | D:7      | Reached skill level 1 in Dodging
 10376 | D:7      | Learned a level 4 spell: Summon Ice Beast
 10386 | D:7      | Gained mutation: You cannot drink potions while threatened. [Ru sacrifice]
 10386 | D:7      | Acquired Ru's third power
 10457 | D:7      | Reached skill level 1 in Summonings
 10474 | D:8      | Found a blossoming altar of Fedhas.
 10613 | D:8      | Found an iron altar of Okawaru.
 11020 | D:8      | Reached skill level 1 in Translocations
 11032 | D:8      | Noticed a troll
 11037 | D:8      | Killed a troll
 11366 | D:8      | Reached skill level 7 in Ice Magic
 11366 | D:8      | Reached XP level 10. HP: 49/65 MP: 18/22
 11708 | D:8      | Noticed Pikel
 12008 | D:7      | Reached skill level 8 in Ice Magic
 12475 | D:8      | Found Guf Etuk's Distillery.
 12483 | D:8      | Bought a potion of mutation for 32 gold pieces
 12902 | D:8      | Noticed a three-headed hydra
 12915 | D:8      | Killed a three-headed hydra
 12915 | D:8      | Reached skill level 9 in Ice Magic
 13090 | D:8      | Found a shimmering altar of Xom.
 13845 | D:9      | Noticed Erolcha
 14340 | D:8      | Gained mutation: You are missing a hand. [Ru sacrifice]
 14340 | D:8      | Acquired Ru's fourth power
 14340 | D:8      | Acquired Ru's fifth power
 14463 | D:8      | Reached skill level 10 in Ice Magic
 15162 | D:9      | Learned a level 2 spell: Repel Missiles
 15218 | D:9      | Reached skill level 1 in Air Magic
 15829 | D:9      | Reached XP level 11. HP: 64/70 MP: 18/24
 16148 | D:10     | Entered Level 10 of the Dungeon
 16282 | D:10     | Slain by a scorpion

Action                   |  1- 3 |  4- 6 |  7- 9 | 10-12 || total
-------------------------+-------+-------+-------+-------++-------
Melee: Hunting sling     |    19 |       |    19 |       ||    38
 Fire: Hunting sling     |    74 |    62 |   153 |    77 ||   366
       Blowgun           |     6 |       |       |       ||     6
Throw: Tomahawk          |       |       |       |     7 ||     7
 Cast: Freeze            |    14 |   105 |   281 |   304 ||   704
       Ozocubu's Armour  |       |       |     4 |    16 ||    20
       Throw Icicle      |       |       |     8 |     4 ||    12
       Throw Frost       |       |       |     6 |     3 ||     9
       Blink             |       |       |     4 |     1 ||     5
       Summon Ice Beast  |       |       |     2 |     2 ||     4
       Repel Missiles    |       |       |       |     1 ||     1
Invok: Sacrifice Purity  |       |     1 |       |       ||     1
       Sacrifice Skill   |       |       |     1 |       ||     1
       Draw Out Power    |       |       |     1 |       ||     1
       Sacrifice Drink   |       |       |     1 |       ||     1
       Sacrifice a Hand  |       |       |       |     1 ||     1
       Apocalypse        |       |       |       |     1 ||     1
Evoke: Wand              |       |       |       |     3 ||     3
  Use: Scroll            |     6 |     2 |     6 |     6 ||    20
       Potion            |     5 |     4 |     2 |       ||    11
 Stab: Sleeping          |     1 |       |       |       ||     1
  Eat: Chunk             |     2 |     7 |    20 |    13 ||    42
       Bread ration      |       |     1 |     3 |       ||     4
       Royal jelly       |       |       |     1 |       ||     1
       Pizza             |       |       |       |     6 ||     6
